 Dungeon Crawl Stone Soup version 0.31-a0-354-g827e0957a7 (webtiles) character file.

Game seed: 17244037374479163089

599 olmar the Ruffian (level 7, -1/50 HPs)
             Began as a Merfolk Shapeshifter on July 23, 2023.
             Succumbed to a water moccasin's poison
             ... on level 5 of the Dungeon.
             The game lasted 00:04:15 (3401 turns).

olmar the Ruffian (Merfolk Shapeshifter)            Turns: 3401, Time: 00:04:15

Health: -1/50      AC:  2    Str: 18    XL:     7   Next: 41%
Magic:  7/7        EV: 13    Int:  7    God:
Gold:   164        SH:  0    Dex: 14    Spells: 6/6 levels left

rFire   . .          .
                       - Unarmed
rCold   . . .        (no shield)
rNeg    . . .        a - +0 animal skin
rPois   .            (helmet currently unavailable)
rElec   .            (cloak currently unavailable)
rCorr   .            (gloves currently unavailable)
SInv    .            (boots currently unavailable)
Will    +....        (no amulet)
Stlth   +            f - ring of willpower
HPRegen 0.28/turn    (no ring)
MPRegen 0.10/turn

%: no passive effects
@: lethally poisoned (-1 -> -9), beast-form, hasted, very quick
A: beast (slay +4), (nimble swimmer 2), mertail
a: Begin Untransformation


You were on level 5 of the Dungeon.
You were a hulking beast.
You visited 1 branch of the dungeon, and saw 5 of its levels.

You collected 164 gold pieces.

Inventory:

Armour
 a - a +0 animal skin (worn)
 d - a +1 cloak
 m - a +0 helmet
Jewellery
 f - a ring of willpower (left hand)
Talismans
 c - a beast talisman
Wands
 p - a wand of charming (9)
Scrolls
 g - a scroll of vulnerability {unknown}
 i - a scroll of immolation {unknown}
 j - a scroll of blinking {unknown}
 k - a scroll of revelation {unknown}
 l - a scroll of amnesia
 n - a scroll of noise {unknown}
 o - 3 scrolls of teleportation
 q - a scroll of identify
 r - 2 scrolls of fog {unknown}
Potions
 e - a potion of degeneration


   Skills:
 + Level 2.3 Fighting
 + Level 4.3 Dodging
 + Level 7.1 Unarmed Combat
 + Level 5.9 Shapeshifting


You had 6 spell levels left.
You didn't know any spells.
Your spell library contained the following spells:

 Spells                   Type           Power      Damage    Failure   Level
 Lesser Beckoning         Tloc           0%         N/A       56%         2
 Gell's Gravitas          Tloc           0%         N/A       80%         3
 Teleport Other           Tloc           0%         N/A       80%         3


Dungeon Overview and Level Annotations

Branches:
Dungeon (5/15)
 Temple: D:4-7

Altars:
Wu Jian


Innate Abilities, Weirdness & Mutations

You are a hulking beast.
Your limbs bulge with bestial killing power. (Slay +4)
((You are very nimble when in or above water. (Stealth+, EV+, Speed+++)))
Your lower body shifts to a powerful aquatic tail in water.


Message History

The water moccasin is heavily wounded.
You feel sick. The water moccasin bites you.
Unknown command.
Unknown command.
You barely miss the water moccasin.
The water moccasin is heavily wounded.
You feel sick. The water moccasin bites you! x2
* * * LOW HITPOINT WARNING * * *
Unknown command.
You are too injured to fight recklessly!
You hit the water moccasin.
You punch the water moccasin, but do no damage.
The water moccasin is heavily wounded.
You feel sick. The water moccasin misses you.
Unknown command.
It was a potion of haste.
You feel yourself speed up.
You feel sick. The water moccasin misses you.
Unknown command.
You miss the water moccasin.
The water moccasin is heavily wounded.
The water moccasin bites you!
* * * LOW HITPOINT WARNING * * *
You are lethally poisoned!
The water moccasin poisons you!
Unknown command.
You hit the water moccasin.
The water moccasin is severely wounded.
* * * LOW HITPOINT WARNING * * *
You feel sick. The water moccasin barely misses you.
You hit the water moccasin. Your punch misses the water moccasin.
The water moccasin is almost dead.
* * * LOW HITPOINT WARNING * * *
You feel sick.
You hit the water moccasin.
You kill the water moccasin!
* * * LOW HITPOINT WARNING * * *
You feel sick.
Your Unarmed Combat skill increases to level 7!
Unknown command.
You die...

...... ....#
....# #...#
#...# #
######..##...#.#
#<.......#.....#
######...#.h...#
#.#.......
#.#.....#.
#.#..#### #.#...
....#..
##..!....
#.##..... #.# .#


There were no monsters in sight!

Vanquished Creatures
  A water moccasin (D:5)
  An ogre (D:4)
  A scorpion (D:4)
  A wight (D:4)
  3 hounds (D:4)
  An iguana (D:4)
  7 adders
  A white imp (D:5)
  A worm (D:2)
  6 orcs
  10 endoplasms
  4 giant cockroaches
  7 goblins
  7 hobgoblins
  4 jackals (D:3)
  7 kobolds
  8 quokkas
  10 ball pythons
  7 bats
  5 frilled lizards
  7 rats
99 creatures vanquished.

Notes
Turn   | Place    | Note
-------+----------+-------------------------------------------
     0 | D:1      | olmar the Merfolk Shapeshifter began the quest for the Orb.
     0 | D:1      | Reached XP level 1. HP: 15/15 MP: 1/1
   124 | D:1      | Reached XP level 2. HP: 21/21 MP: 2/2
   455 | D:1      | Reached XP level 3. HP: 25/26 MP: 3/3
   989 | D:2      | Reached skill level 4 in Unarmed Combat
  1093 | D:2      | Reached XP level 4. HP: 32/32 MP: 4/4
  1205 | D:2      | Reached skill level 5 in Shapeshifting
  1509 | D:3      | Found an ornate altar of the Wu Jian Council.
  1667 | D:3      | Reached XP level 5. HP: 37/37 MP: 5/5
  2741 | D:4      | Reached skill level 5 in Unarmed Combat
  2985 | D:4      | Reached XP level 6. HP: 44/44 MP: 6/6
  3121 | D:4      | Reached skill level 6 in Unarmed Combat
  3143 | D:4      | Reached XP level 7. HP: 50/50 MP: 7/7
  3363 | D:5      | Entered Level 5 of the Dungeon
  3398 | D:5      | HP: 2/50 [poisoned by a water moccasin]
  3401 | D:5      | Reached skill level 7 in Unarmed Combat
  3401 | D:5      | Succumbed to a water moccasin's poison

Illustrated notes

Levels and vault maps discovered:
D:1:      amcnicky_arrival_wind_blow, layout_basic
D:2:      layout_basic
D:3:      layout_loops_cross, mainiacjoe_overflow_catwalk, grunt_ministairs_11,
          hangedman_decor_diamond_cutter
D:4:      minmay_razor_zed, layout_basic
D:5:      layout_basic, mainiacjoe_overflow_tiny_flanked, serial_shops, shop,
          minmay_misc_feat_more_columns, kennysheep_small_circle

Skill      XL: |  1  2  3  4  5  6  7 |
---------------+----------------------+-----
Unarmed Combat | 4 5 6 7 |  7.1
Dodging        | 3 4 |  4.3
Shapeshifting  | 5 |  5.9
Fighting       | 2 |  2.3

Action                     |  1- 3 |  4- 6 |  7- 9 || total
---------------------------+-------+-------+-------++-------
  Melee: Unarmed           |    92 |   128 |    26 ||   246
         Punch             |     2 |     4 |     1 ||     7
    Use: Potion            |       |     1 |     1 ||     2
         Scroll            |       |       |     3 ||     3
   Stab: Sleeping          |     4 |     2 |       ||     6
 Armour: Animal skin       |    15 |    28 |     3 ||    46
  Dodge: Dodged            |    41 |    77 |    17 ||   135

Table legend: (Time is in decaauts)
 A = Elapsed time spent in this place.
 B = Non-inter-level travel time spent in this place.
 C = Inter-level travel time spent in this place.
 D = Time resting spent in this place.
 E = Time spent auto-exploring this place.
 F = Levels seen in this place.
 G = Mean time per level.
                   A        B        C        D        E       F      G
               +--------+--------+--------+--------+--------+-----+--------+
         Total |   3377 |   3224 |    153 |    220 |   2410 |   5 |  675.4 |
       Dungeon |   3377 |   3224 |    153 |    220 |   2410 |   5 |  675.4 |
               +--------+--------+--------+--------+--------+-----+--------+

Top non-repeatable levels by time:
     D:3: 1152 daAuts
     D:1: 793 daAuts
     D:4: 767 daAuts
     D:2: 641 daAuts
     D:5: 22 daAuts
